 Dungeon Crawl Stone Soup version 0.22.1-1-ga44c0e5 (webtiles) character file.

121 Fang the Skirmisher (level 5, -12/33 HPs)
             Began as a Gargoyle Berserker on Sept 24, 2018.
             Was a Believer of Trog.
             Killed from afar by a hobgoblin (23 damage)
             ... with a wand of acid (7)
             ... on level 3 of the Dungeon.
             The game lasted 00:03:11 (2026 turns).

Fang the Skirmisher (Gargoyle Berserker)            Turns: 2026, Time: 00:03:12

Health: -12/33     AC:  2    Str: 21    XL:     5   Next: 5%
Magic:  5/5        EV: 12    Int:  8    God:    Trog [**....]
Gold:   147        SH:  0    Dex:  9    Spells: 4/4 levels left

rFire    . . .     SeeInvis .   a - +0 hand axe
rCold    . . .     Gourm    .   (no shield)
rNeg     + . .     Faith    .   b - +0 animal skin
rPois    ∞         Spirit   .   (no helmet)
rElec    +         Reflect  .   (no cloak)
rCorr    .         Harm     .   (no gloves)
MR       .....                  (no boots)
Stlth    +.........             (no amulet)
HPRegen  0.11/turn              (no ring)
MPRegen  0.09/turn              (no ring)

@: corroded
A: negative energy resistance 1, electricity resistance, unbreathing,
petrification resistance, rot immunity, AC +4
a: Berserk, Trog's Hand, Renounce Religion


You were on level 3 of the Dungeon.
You worshipped Trog.
Trog was pleased with you.
You were not hungry.

You visited 1 branch of the dungeon, and saw 3 of its levels.

You collected 147 gold pieces.

Inventory:

Hand Weapons
 a - a +0 hand axe (weapon)
Missiles
 h - 8 javelins of penetration (quivered)
Armour
 b - a +0 animal skin (worn)
Jewellery
 k - an uncursed ring of stealth {unknown}
Wands
 m - a wand of random effects (30)
Scrolls
 e - 3 scrolls of remove curse {unknown}
 g - a scroll of random uselessness {unknown}
 l - 4 scrolls of teleportation {unknown}
Potions
 d - a potion of berserk rage {unknown}
 f - 2 potions of ambrosia {unknown}
 i - a potion of brilliance {unknown}
 j - a potion of curing {unknown}
Comestibles
 c - 4 rations


   Skills:
 + Level 4.0 Fighting
 + Level 3.8 Axes
 + Level 2.7 Armour
 + Level 2.5 Dodging
 + Level 0.3 Stealth


You had 4 spell levels left.
You didn't know any spells.
Your spell library was empty.

Dungeon Overview and Level Annotations

Branches:
Dungeon (3/15)

Altars:


Innate Abilities, Weirdness & Mutations

You are resistant to torment.
Your stone body is resilient. (AC +4)
You are immune to poison.
You resist negative energy. (rN+)
You are resistant to electric shocks. (rElec)
You can survive without breathing.
You are immune to petrification.
You are immune to rotting.


Message History

You are too injured to fight recklessly!
You are too injured to fight recklessly!
You are too injured to fight recklessly!
You are too injured to fight recklessly!
You are too injured to fight recklessly!
You are too injured to fight recklessly!
You are too injured to fight recklessly!
You are too injured to fight recklessly!
You are too injured to fight recklessly!
You hit the leopard gecko but do no damage.
The leopard gecko closely misses you.
You are too injured to fight recklessly!
You hit the leopard gecko but do no damage.
The leopard gecko barely misses you.
The hobgoblin zaps a wand.
The bolt of acid hits the leopard gecko.
The leopard gecko is splashed with acid.
The leopard gecko dies!
The bolt of acid hits you!
Ouch! That really hurt!
You die...

#.# #†# #.# #.# #.#
##.## ### #.# #.<.# ..#
#.# #####..## #.# #.#
#.....## #.# #.#
#.###.###
#######.###.####.#.....#
.......@.........#.....#
.##.###†#######.........
.<.....g# ##.#.....#
#..l..### #.#.....#
...... # ###.... #....
#.### ##... #. # ##. #.
# #. ##


You could see a hobgoblin.

Vanquished Creatures
  Ijyb (D:3)
  4 adders
  An ooze (D:2)
  2 dart slugs
  A leopard gecko (D:3)
  4 bats
  4 giant cockroaches
  4 goblins
  9 hobgoblins
  4 jackals
  2 quokkas
  4 frilled lizards
  7 kobolds
  2 rats
49 creatures vanquished.

Vanquished Creatures (others)
  A leopard gecko (D:3)
1 creature vanquished.

Grand Total: 50 creatures vanquished

Notes
Turn   | Place    | Note
-------+----------+-------------------------------------------
     0 | D:1      | Fang the Gargoyle Berserker began the quest for the Orb.
     0 | D:1      | Reached XP level 1. HP: 14/14 MP: 1/1
   126 | D:1      | Reached XP level 2. HP: 19/19 MP: 2/2
   539 | D:1      | Reached XP level 3. HP: 23/24 MP: 3/3
  1000 | D:2      | Reached ** piety under Trog
  1022 | D:2      | Reached XP level 4. HP: 18/29 MP: 4/4
  1594 | D:3      | Noticed Ijyb
  1617 | D:3      | Killed Ijyb
  1697 | D:3      | Reached skill level 4 in Fighting
  1883 | D:3      | Reached XP level 5. HP: 32/33 MP: 5/5
  2026 | D:3      | Killed from afar by a hobgoblin

Skill      XL: |  1  2  3  4 |
---------------+-------------+-----
Axes           | 3 |  3.8
Dodging        | 2 |  2.5
Fighting       | 4 |  4.0
Armour         | |  2.7
Stealth        | |  0.3

Action                   |  1- 3 |  4- 6 || total
-------------------------+-------+-------++-------
Melee: Hand axe          |   103 |    74 ||   177
Invok: Berserk           |     1 |       ||     1
 Stab: Sleeping          |     1 |       ||     1
  Eat: Chunk             |       |     5 ||     5
Armor: Animal skin       |    35 |    32 ||    67
Dodge: Dodged            |    78 |    47 ||   125
